 Dungeon Crawl Stone Soup version 0.23-a0-378-gd7a6ca6 (webtiles) character file.

176 RoseArtemis the Sneak (level 5, -2/24 HPs)
             Began as a Spriggan Enchanter on Oct 26, 2018.
             Slain by an orc
             ... wielding a +0 short sword of distortion
              (13 damage)
             ... on level 3 of the Dungeon on Oct 27, 2018.
             The game lasted 00:12:07 (2947 turns).

RoseArtemis the Sneak (Spriggan Enchanter)          Turns: 2947, Time: 00:12:09

Health: -2/24      AC:  3    Str:  4    XL:     5   Next: 30%
Magic:  5/10       EV: 19    Int: 17    God:
Gold:   116        SH:  0    Dex: 17    Spells: 3/10 levels left

rFire    . . .     SeeInvis +   a - +0 dagger (venom)
rCold    . . .     Gourm    .   (shield restricted)
rNeg     . . .     Faith    .   b - +0 robe
rPois    .         Spirit   .   (helmet restricted)
rElec    .         Reflect  .   l - +0 cloak
rCorr    .         Harm     .   (gloves unavailable)
MR       .....                  (boots unavailable)
Stlth    +++.......             (no amulet)
HPRegen  0.08/turn              (no ring)
MPRegen  0.12/turn              (no ring)

@: confusing touch, very quick
A: very small, unfitting armour, see invisible, herbivore, speed 3, slow
metabolism 2
a: no special abilities


You were on level 3 of the Dungeon.
You were very hungry.

You visited 1 branch of the dungeon, and saw 3 of its levels.

You collected 116 gold pieces.

Inventory:

Hand Weapons
 a - a +0 dagger of venom (weapon)
Missiles
 f - a throwing net (quivered)
Armour
 b - a +0 robe (worn)
 l - a +0 cloak (worn)
Wands
 d - a wand of iceblast (9)
 n - a wand of flame (29)
Scrolls
 j - 2 scrolls of identify {unknown}
 k - 2 scrolls of teleportation {unknown}
 o - a scroll of fog {unknown}
 q - a scroll of noise {unknown}
Potions
 c - 3 potions of lignification {unknown}
 e - 2 potions of curing {unknown}
 g - 2 potions of agility {unknown}
 h - a potion of invisibility {unknown}
 i - 4 potions of heal wounds {unknown}
 m - a potion of berserk rage {unknown}
Comestibles
 p - 2 rations


   Skills:
 + Level 2.5 Short Blades
 + Level 4.3 Dodging
 + Level 5.5 Stealth
 + Level 3.1 Spellcasting
 * Level 5.4 Hexes


You had 3 spell levels left.
You knew the following spells:

 Your Spells              Type           Power        Failure   Level  Hunger
a - Confusing Touch       Hex            ###...       1%          1    None
b - Ensorcelled Hibernat  Hex/Ice        ##....       9%          2    ##.....
c - Dazzling Spray        Conj/Hex       ##....       17%         3    ###....
d - Corona                Hex            ###....      1%          1    None

Your spell library contained the following spells:

 Spells                   Type           Power        Failure   Level  Hunger
 Confuse                  Hex            ###.....     5%          3    ###....
 Tukima's Dance           Hex            ###.....     5%          3    ###....
 Gell's Gravitas          Tloc           #.........   45%         3    ###....
 Metabolic Englaciation   Hex/Ice        ##........   85%         5    ######.
 Yara's Violent Unravell  Hex/Tmut       ##........   85%         5    ######.
 Petrify                  Tmut/Erth      #.......     86%         4    ####...


Dungeon Overview and Level Annotations

Branches:
Dungeon (3/15)

Altars:
Cheibriados
Okawaru
Ru


Innate Abilities, Weirdness & Mutations

You are very small and have problems with some larger weapons.
You are too small for most types of armour.
You have supernaturally acute eyesight. (SInv)
You are a herbivore.
You cover ground extremely quickly.
You need to consume almost no food.


Message History

Your attack speed is above average.
Enter note: (m)acro, (M)acro raw, keymap [(k) default, (x) level-map, (t)argeting, Input macro trigger key: 1 Current Action: zaf Do you wish to (r)edefine, (c)lear, or (a)bort?
Input macro action: za Created macro '1' => 'za'.
Aim: an orc, wielding a +0 short sword of distortion (chance to confuse on hit: The orc resists with significant effort.
You are feeling very hungry.
The orc hits you with a +0 short sword of distortion.
Space bends around you.
Aim: an orc, wielding a +0 short sword of distortion (chance to confuse on hit: The orc resists with significant effort.
The orc hits you with a +0 short sword of distortion.
* * * LOW HITPOINT WARNING * * *
Space warps horribly around you!
Ouch! That really hurt!
You die...

.... #.....(..#
.... #.....#.##
..#.. ##...##.#
..##..#######.#
#...$.........#
###...##..#.######
.# #............#
..# ######.#.###.#
#.. #....##@# #.
####..#o## #...o.#
#.##o.#######
#.###.[.....# #.#
#...o...# #.#
#.......#
............#
##.##.......#


You could see 3 orcs.

Vanquished Creatures
  Crazy Yiuf (D:2)
  Ijyb (D:3)
  6 adders
  An ooze (D:3)
  A dart slug (D:2)
  3 leopard geckos
  6 bats
  3 giant cockroaches
  3 hobgoblins (D:2)
  9 jackals
  4 kobolds
  A quokka (D:3)
  6 frilled lizards
  5 goblins
  11 rats
  A bush (D:2)
62 creatures vanquished.

Notes
Turn   | Place    | Note
-------+----------+-------------------------------------------
     0 | D:1      | RoseArtemis the Spriggan Enchanter began the quest for the
                  | Orb.
     0 | D:1      | Reached XP level 1. HP: 9/9 MP: 5/5
   394 | D:1      | Reached XP level 2. HP: 13/13 MP: 6/6
   402 | D:1      | Learned a level 2 spell: Ensorcelled Hibernation
  1171 | D:2      | Reached XP level 3. HP: 13/16 MP: 1/8
  1235 | D:2      | Learned a level 3 spell: Dazzling Spray
  1235 | D:2      | Upgraded the game from 0.23-a0-375-g66a18ee to
                  | 0.23-a0-378-gd7a6ca6
  1332 | D:2      | Found an iron altar of Okawaru.
  1412 | D:2      | Reached skill level 5 in Stealth
  1756 | D:2      | Reached XP level 4. HP: 21/21 MP: 6/9
  2241 | D:2      | Found a snail-covered altar of Cheibriados.
  2241 | D:2      | Found a sacrificial altar of Ru.
  2243 | D:2      | Found an iron altar of Okawaru.
  2479 | D:2      | Found a runed door.
  2483 | D:2      | Noticed Crazy Yiuf
  2489 | D:2      | Killed Crazy Yiuf
  2489 | D:2      | Reached skill level 5 in Hexes
  2548 | D:3      | Reached XP level 5. HP: 24/24 MP: 1/10
  2577 | D:3      | Learned a level 1 spell: Confusing Touch
  2630 | D:3      | Noticed Ijyb
  2656 | D:3      | Killed Ijyb
  2947 | D:3      | Slain by an orc

Vault maps used:
D:1:      dpeg_arrival_connections
D:2:      nicolae_overflow_hidden_temple, okawaru_gym_becter,
          uniq_crazy_yiuf_cottage
D:3:      minmay_misc_feat_enclosed, uniq_ijyb

Skill      XL: |  1  2  3  4 |
---------------+-------------+-----
Hexes          | 4 5 |  5.4
Stealth        | 5 |  5.5
Short Blades   | 2 |  2.5
Dodging        | 4 |  4.3
Spellcasting   | 3 |  3.1

Action                   |  1- 3 |  4- 6 || total
-------------------------+-------+-------++-------
Melee: Dagger            |   123 |   111 ||   234
 Cast: Corona            |     5 |     2 ||     7
       Ensorcelled Hiber |    23 |    21 ||    44
       Confusing Touch   |       |     2 ||     2
       Dazzling Spray    |       |     1 ||     1
 Stab: Sleeping          |    17 |    14 ||    31
       Invisible         |       |     1 ||     1
  Eat: Ration            |       |     1 ||     1
Armor: Robe              |    15 |     9 ||    24
Dodge: Dodged            |   119 |    61 ||   180

Table legend:
 A = Non-vault XP
 B = Vault XP
 C = Vault XP percentage of total XP
 D = Non-vault monster count
 E = Vault monster count
 F = Vault count percentage of total count
                 A         B        C        D         E       F
            +---------+---------+-------+---------+---------+-------
      Total |     175 |      77 |  30.6 |      59 |       2 |   3.3
            +---------+---------+-------+---------+---------+-------
        D:1 |      33 |       0 |   0.0 |      20 |       0 |   0.0
        D:2 |     112 |      41 |  26.8 |      32 |       1 |   3.0
        D:3 |      30 |      36 |  54.5 |       7 |       1 |  12.5
            +---------+---------+-------+---------+---------+-------
